 Dungeon Crawl Stone Soup version 0.28-a0-691-gad6df49e81 (webtiles) character file.

Game seed: 16212879776971326857

51 MirrMurr the Sneak (level 3, -2/16 HPs)
             Began as a Spriggan Enchanter on Oct 21, 2021.
             Slain by a gnoll (6 damage)
             ... on level 2 of the Dungeon.
             The game lasted 00:03:20 (1660 turns).

MirrMurr the Sneak (Spriggan Enchanter)             Turns: 1660, Time: 00:03:20

Health: -2/16      AC:  2    Str:  5    XL:     3   Next: 57%
Magic:  2/8        EV: 17    Int: 16    God:
Gold:   50         SH:  0    Dex: 15    Spells: 2/7 levels left

rFire   . . .      SeeInvis +   a - +1 dagger
rCold   . . .      Faith    .   (shield restricted)
rNeg    . . .      Spirit   .   n - +0 robe
rPois   .          Reflect  .   (helmet restricted)
rElec   .          Harm     .   (no cloak)
rCorr   .          Rampage  .   (gloves unavailable)
Will    .....                   (boots unavailable)
Stlth   +++.......              (no amulet)
HPRegen 0.05/turn               (no ring)
MPRegen 0.11/turn               (no ring)

@: very quick
A: very small, no large weapons, unfitting armour, see invisible, speed 3
a: no special abilities


You were on level 2 of the Dungeon.
You visited 1 branch of the dungeon, and saw 2 of its levels.

You collected 50 gold pieces.

Inventory:

Hand Weapons
 a - a +1 dagger (weapon)
 b - a +0 rapier of electrocution
Missiles
 d - 55 sling bullets
 i - 16 poisoned darts (quivered)
 k - 31 stones
Armour
 j - a +0 buckler
 n - a +0 robe (worn)
Scrolls
 e - 2 scrolls of teleportation {unknown}
 f - a scroll of summoning {unknown}
 g - 2 scrolls of immolation {unknown}
 h - a scroll of noise {unknown}
 l - a scroll of amnesia {unknown}
 m - a scroll of brand weapon {unknown}
Potions
 c - 2 potions of invisibility


   Skills:
 + Level 2.8 Short Blades
 - Level 2.6 Dodging
 + Level 5.9 Stealth
 - Level 2.6 Spellcasting
 - Level 3.6 Hexes


You had 2 spell levels left.
You knew the following spells:

 Your Spells              Type           Power      Damage    Failure   Level
a - Ensorcelled Hibernat  Hex/Ice        14%        N/A       14%         2
b - Confusing Touch       Hex            13%        N/A       13%         3

Your spell library contained the following spells:

 Spells                   Type           Power      Damage    Failure   Level
 Tukima's Dance           Hex            13%        N/A       13%         3
 Dazzling Flash           Conj/Hex       14%        N/A       28%         3


Dungeon Overview and Level Annotations

Branches:
Dungeon (2/15)

Altars:


Innate Abilities, Weirdness & Mutations

You are very small and have problems with some larger weapons.
You are too small for most types of armour.
You have supernaturally acute eyesight. (SInv)
You cover ground extremely quickly. (Speed+++)


Message History

Aim: a gnoll, wielding a +0 halberd (chance to affect: 48%)
You miscast Ensorcelled Hibernation.
You are very lightly contaminated with residual magic.
Nothing appears to happen.
Casting: Ensorcelled Hibernation (safe; 14% risk of failure)
Confirm with . or Enter, or press ? or * to list all spells.
You don't have enough magic to cast this spell.
Unknown command.
Your magical contamination has completely faded away.
Casting: Ensorcelled Hibernation (safe; 14% risk of failure)
Confirm with . or Enter, or press ? or * to list all spells.
Aiming: Ensorcelled Hibernation (safe; 14% risk of failure)
Press: ? - help, Shift-Dir - straight line, f - endoplasm
Aim: an endoplasm (wandering, hasn't noticed you, chance to affect: 56%)
Okay, then.
You hear the crackle of electricity.
b - a +0 rapier of electrocution (weapon)
The endoplasm quivers.
The endoplasm hits you but does no damage.
You hit the endoplasm.
The endoplasm is almost dead.
The endoplasm hits you.
You hit the endoplasm but do no damage.
The endoplasm is almost dead.
The endoplasm hits you.
You hit the endoplasm.
You kill the endoplasm!
Your +0 rapier of electrocution stops crackling.
a - a +1 dagger (weapon)
Casting: Ensorcelled Hibernation (safe; 14% risk of failure)
Confirm with . or Enter, or press ? or * to list all spells.
Aiming: Ensorcelled Hibernation (safe; 14% risk of failure)
Press: ? - help, Shift-Dir - straight line, f/p - gnoll
Aim: a gnoll, wielding a +0 halberd (chance to affect: 48%)
The gnoll looks drowsy...
The gnoll hits you from afar with a +0 halberd.
You barely miss the gnoll. The gnoll hits you with a +0 halberd!
* * * LOW HITPOINT WARNING * * *
The gnoll hits you from afar with a +0 halberd.
You die...

###.###.......#
#.........g...#
###.#..#####..... .
#<#†#.######..#.# ##
#.#.#.........#...
#.#[#.)#####..########
#.#.#..# #gg#...#...
#.#.#..# #>g..g.g...
#.#.#@.# # #..#.#.#.#.
#.#.#..#.# #......#<#
#.#g#g.#.# ####.#####
######.#.#..#.# #+#
#......#.#....#
##.###.#.#....# #.#
###.#..###.# #.#
#...#......# #.#
#.###..#####


You could see a gnoll.

Vanquished Creatures
  2 gnolls
  A dart slug (D:1)
  2 bats (D:1)
  3 endoplasms (D:2)
  2 giant cockroaches (D:2)
  2 hobgoblins (D:1)
  3 quokkas
  4 ball pythons (D:1)
  3 frilled lizards
  A goblin (D:2)
  2 kobolds
  2 rats (D:1)
27 creatures vanquished.

Notes
Turn   | Place    | Note
-------+----------+-------------------------------------------
     0 | D:1      | MirrMurr the Spriggan Enchanter began the quest for the
                  | Orb.
     0 | D:1      | Reached XP level 1. HP: 9/9 MP: 5/5
   186 | D:1      | Reached XP level 2. HP: 13/13 MP: 6/6
   189 | D:1      | Learned a level 2 spell: Ensorcelled Hibernation
   208 | D:1      | Reached skill level 5 in Stealth
  1176 | D:1      | Reached XP level 3. HP: 7/16 MP: 0/8
  1355 | D:1      | Learned a level 3 spell: Confusing Touch
  1660 | D:2      | Slain by a gnoll

Illustrated notes

Levels and vault maps discovered:
D:1:      dpeg_arrival_chambers_temple_mockup, layout_rooms
D:2:      layout_basic, basic_altar, minmay_lizard_pond, uniq_terence,
          uniq_robin

Skill      XL: |  1  2 |
---------------+-------+-----
Stealth        | 5 |  5.9
Short Blades   | 2 |  2.8
Dodging        | |  2.6
Spellcasting   | |  2.6
Hexes          | |  3.6

Action                   || total
-------------------------++-------
Melee: Dagger            ||    83
       Rapier            ||     3
 Cast: Ensorcelled Hiber ||    14
 Stab: Sleeping          ||    14
Armor: Robe              ||     4
Dodge: Dodged            ||    53
Block: Buckler           ||     3

Table legend: (Time is in decaauts)
 A = Elapsed time spent in this place.
 B = Non-inter-level travel time spent in this place.
 C = Inter-level travel time spent in this place.
 D = Time resting spent in this place.
 E = Time spent auto-exploring this place.
 F = Levels seen in this place.
 G = Mean time per level.
                   A        B        C        D        E       F      G
               +--------+--------+--------+--------+--------+-----+--------+
         Total |   1329 |   1282 |     47 |     36 |    940 |   2 |  664.5 |
       Dungeon |   1329 |   1282 |     47 |     36 |    940 |   2 |  664.5 |
               +--------+--------+--------+--------+--------+-----+--------+

Top non-repeatable levels by time:
     D:1: 1014 daAuts
     D:2: 314 daAuts
